 Dungeon Crawl Stone Soup version 0.23.0 (webtiles) character file.

Game seed: 14630324955200966854

284 Groucho the Insei (level 6, -1/47 HPs)
             Began as a Gnoll Transmuter on Feb 13, 2019.
             Slain by a river rat (4 damage)
             ... on level 3 of the Dungeon.
             The game lasted 00:10:30 (3593 turns).

Groucho the Insei (Gnoll Transmuter)                Turns: 3593, Time: 00:10:30

Health: -1/47      AC:  2    Str: 13    XL:     6   Next: 29%
Magic:  11/14      EV: 24    Int: 22    God:
Gold:   87         SH:  0    Dex: 20    Spells: 9/15 levels left

rFire    . . .     SeeInvis .     - Unarmed
rCold    . . .     Gourm    .   (shield currently unavailable)
rNeg     + . .     Faith    .   (armour currently unavailable)
rPois    x         Spirit   .   (helmet currently unavailable)
rElec    .         Reflect  .   (cloak currently unavailable)
rCorr    .         Harm     .   (gloves currently unavailable)
MR       .....                  (boots currently unavailable)
Stlth    +.........             (no amulet)
HPRegen  0.15/turn              c - ring of positive energy (curse)
MPRegen  0.14/turn              (no ring)

@: brilliant, spider-form, very slow
A: tiny, distributed training, strong nose
a: End Transformation


You were on level 3 of the Dungeon.
You were not hungry.
You were a venomous arachnid creature.
You visited 1 branch of the dungeon, and saw 3 of its levels.

You collected 87 gold pieces.

Inventory:

Missiles
 a - 31 arrows
 e - 58 stones (quivered)
Armour
 b - a +0 robe (melded)
Jewellery
 c - a cursed ring of positive energy (left front leg)
 n - an uncursed ring of protection from cold {unknown}
Scrolls
 f - a scroll of teleportation
 h - 2 scrolls of enchant armour {unknown}
 j - 4 scrolls of identify {unknown}
 l - a scroll of fog {unknown}
 o - a scroll of enchant weapon {unknown}
 q - a scroll of immolation {unknown}
Potions
 g - a potion of agility
 m - a potion of might
Comestibles
 d - 5 rations
 p - 3 chunks of flesh


   Skills:
 + Level 3.2 Fighting
 + Level 1.8 Short Blades
 + Level 1.8 Long Blades
 + Level 1.8 Axes
 + Level 1.8 Maces & Flails
 + Level 1.8 Polearms
 + Level 1.8 Staves
 + Level 1.8 Slings
 + Level 1.8 Bows
 + Level 1.8 Crossbows
 + Level 1.8 Throwing
 + Level 1.8 Armour
 + Level 4.9 Dodging
 + Level 1.8 Stealth
 + Level 1.8 Shields
 + Level 6.8 Unarmed Combat
 + Level 5.3 Spellcasting
 + Level 1.4 Conjurations
 + Level 1.4 Hexes
 + Level 1.4 Charms
 + Level 1.4 Summonings
 + Level 1.4 Necromancy
 + Level 1.4 Translocations
 + Level 4.1 Transmutations
 + Level 1.4 Fire Magic
 + Level 1.4 Ice Magic
 + Level 1.4 Air Magic
 + Level 1.4 Earth Magic
 + Level 1.4 Poison Magic
 + Level 2.0 Invocations
 + Level 1.8 Evocations


You had 9 spell levels left.
You knew the following spells:

 Your Spells              Type           Power        Failure   Level  Hunger
a - Beastly Appendage     Tmut           #####.       1%          1    None
b - Sticks to Snakes      Tmut           #####...     1%          2    None
c - Spider Form           Tmut/Pois      ####......   3%          3    ##.....

Your spell library contained the following spells:

 Spells                   Type           Power        Failure   Level  Hunger
 Ice Form                 Ice/Tmut       ####....     7%          4    ####...
 Blade Hands              Tmut           #####.....   11%         5    #####..


Dungeon Overview and Level Annotations

Branches:
Dungeon (3/15)

Altars:
Dithmenos


Innate Abilities, Weirdness & Mutations

Your experience applies equally to all skills.
((You have very sharp teeth.))
Your uncanny sense of smell can sniff out nearby items.


Message History

The leopard gecko misses you. The river rat closely misses you.
Casting: Beastly Appendage (safe; 1% risk of failure)
Confirm with . or Enter, or press ? or * to list all spells.
You turn into a venomous arachnid creature.
Your +0 robe melds into your body.
You hit the river rat.
The river rat is poisoned.
The river rat is almost dead.
The river rat completely misses you.
You barely miss the river rat.
The river rat is almost dead.
The river rat closely misses you. The river rat barely misses you.
You hit the river rat but do no damage.
The river rat is poisoned.
The river rat completely misses you.
Unknown command.
You bite the river rat!
The river rat looks as sick as possible!
The river rat is almost dead.
The river rat bites you.
You die...

.).†...... ..# ##.#.#######.#
.#†#########.# #............#
...........#.# #..#.#######.#
..)#######.#.#######..#.#######.#
..............................#.#
..########.#...####..####.....#..
..#..........###≈≈####≈≈##.######
..#.######...##≈≈≈≈≈≈≈≈≈≈#....#
..#.# #...###sr####≈≈##.##.#
..#.######...#.#r## ##≈##.##.#
.............#.#l≈≈≈.≈#≈##.##.#
....#######....#≈≈≈≈≈≈#≈##.##.#
....# #.#..####≈≈##≈##.##.# ....#
#.#.##≈≈####≈≈##.##.# ....#
#.#..†≈≈≈≈≈≈≈≈≈#.##.# .÷..#
#.####≈≈####≈≈##.##.# ....# ##.#
#### #####.##.#


You could see 2 river rats and a leopard gecko.

Vanquished Creatures
  Natasha (thrice) (D:2)
  An orc wizard (D:3)
  Terence (D:3)
  Robin (D:2)
  3 adders
  A river rat (D:3)
  A worm (D:3)
  4 dart slugs (D:1)
  5 leopard geckos
  3 orcs (D:3)
  7 giant cockroaches
  17 goblins
  11 hobgoblins
  3 jackals (D:2)
  A quokka (D:2)
  3 ball pythons
  6 bats
  2 frilled lizards
  9 kobolds
  5 rats
87 creatures vanquished.

Notes
Turn   | Place    | Note
-------+----------+-------------------------------------------
     0 | D:1      | Groucho the Gnoll Transmuter began the quest for the Orb.
     0 | D:1      | Reached XP level 1. HP: 17/17 MP: 6/6
   586 | D:1      | Reached XP level 2. HP: 19/23 MP: 5/7
   590 | D:1      | Learned a level 2 spell: Sticks to Snakes
  1076 | D:1      | Reached XP level 3. HP: 21/28 MP: 9/9
  1083 | D:1      | Reached skill level 5 in Spellcasting
  1512 | D:1      | Reached skill level 1 in Invocations
  1565 | D:1      | Learned a level 3 spell: Spider Form
  1808 | D:2      | Reached skill level 1 in Short Blades
  1808 | D:2      | Reached skill level 1 in Long Blades
  1808 | D:2      | Reached skill level 1 in Axes
  1808 | D:2      | Reached skill level 1 in Maces & Flails
  1808 | D:2      | Reached skill level 1 in Polearms
  1808 | D:2      | Reached skill level 1 in Staves
  1808 | D:2      | Reached skill level 1 in Slings
  1808 | D:2      | Reached skill level 1 in Bows
  1808 | D:2      | Reached skill level 1 in Crossbows
  1808 | D:2      | Reached skill level 1 in Throwing
  1808 | D:2      | Reached skill level 1 in Armour
  1808 | D:2      | Reached skill level 1 in Stealth
  1808 | D:2      | Reached skill level 1 in Shields
  1808 | D:2      | Reached skill level 1 in Evocations
  1808 | D:2      | Reached XP level 4. HP: 23/34 MP: 9/11
  1877 | D:2      | Noticed Natasha
  1890 | D:2      | Killed Natasha
  2099 | D:2      | Reached skill level 1 in Conjurations
  2099 | D:2      | Reached skill level 1 in Hexes
  2099 | D:2      | Reached skill level 1 in Charms
  2099 | D:2      | Reached skill level 1 in Summonings
  2099 | D:2      | Reached skill level 1 in Necromancy
  2099 | D:2      | Reached skill level 1 in Translocations
  2099 | D:2      | Reached skill level 1 in Fire Magic
  2099 | D:2      | Reached skill level 1 in Ice Magic
  2099 | D:2      | Reached skill level 1 in Air Magic
  2099 | D:2      | Reached skill level 1 in Earth Magic
  2099 | D:2      | Reached skill level 1 in Poison Magic
  2128 | D:2      | Noticed Natasha
  2140 | D:2      | Killed Natasha
  2140 | D:2      | Reached XP level 5. HP: 20/40 MP: 10/12
  2197 | D:2      | Noticed Robin
  2207 | D:2      | HP: 2/60 [hobgoblin/+0 club[Robin] (6)]
  2212 | D:2      | Killed Robin
  2306 | D:2      | Noticed Natasha
  2417 | D:2      | Killed Natasha
  2947 | D:3      | Noticed Terence
  2971 | D:3      | Killed Terence
  2994 | D:3      | Found a shadowy altar of Dithmenos.
  3071 | D:3      | Reached XP level 6. HP: 25/47 MP: 11/13
  3587 | D:3      | HP: 2/47 [river rat (1)]
  3593 | D:3      | Slain by a river rat

Skill      XL: |  1  2  3  4  5  6 |
---------------+-------------------+-----
Spellcasting   | 5 |  5.3
Invocations    | 1 2 |  2.0
Short Blades   | 1 |  1.8
Long Blades    | 1 |  1.8
Axes           | 1 |  1.8
Maces & Flails | 1 |  1.8
Polearms       | 1 |  1.8
Staves         | 1 |  1.8
Slings         | 1 |  1.8
Bows           | 1 |  1.8
Crossbows      | 1 |  1.8
Throwing       | 1 |  1.8
Armour         | 1 |  1.8
Stealth        | 1 |  1.8
Shields        | 1 |  1.8
Evocations     | 1 |  1.8
Conjurations   | 1 |  1.4
Hexes          | 1 |  1.4
Charms         | 1 |  1.4
Summonings     | 1 |  1.4
Necromancy     | 1 |  1.4
Translocations | 1 |  1.4
Fire Magic     | 1 |  1.4
Ice Magic      | 1 |  1.4
Air Magic      | 1 |  1.4
Earth Magic    | 1 |  1.4
Poison Magic   | 1 |  1.4
Fighting       | 3 |  3.2
Transmutations | 4 |  4.1
Dodging        | |  4.9
Unarmed Combat | |  6.8

Action                   |  1- 3 |  4- 6 || total
-------------------------+-------+-------++-------
Melee: Unarmed           |    87 |   164 ||   251
       Kick              |     4 |     3 ||     7
       Punch             |     2 |     3 ||     5
       Bite              |     3 |    17 ||    20
       Headbutt          |     1 |    10 ||    11
Throw: Stone             |       |     5 ||     5
 Cast: Beastly Appendage |    12 |     9 ||    21
       Sticks to Snakes  |     3 |       ||     3
       Spider Form       |       |     1 ||     1
  Use: Potion            |     2 |     5 ||     7
       Scroll            |       |     1 ||     1
 Stab: Sleeping          |     4 |     2 ||     6
  Eat: Chunk             |     3 |     2 ||     5
       Ration            |       |     1 ||     1
Armor: Robe              |     8 |    13 ||    21
       Skin              |       |     2 ||     2
Dodge: Dodged            |    58 |   119 ||   177
